Map: [EWC] Crimson Court

Players

HeroMarine

  • Race: Terran Terran
  • Spawn Location: 7:00

GuMiho - Winner!

  • Race: Terran Terran
  • Spawn Location: 1:00

Event: Esports World Cup 2024

VOD

Have the link to the VOD?

Description

Time

  • Played on: Aug. 15, 2024, 7:43 a.m.
  • Length: 24:27

All games in this series

Show
View Real Time Build Order
Export as new Build Order

HeroMarine Terran 

Build Orders:  

Get SALT Encoding   

  12  0:00  SCV  
  13  0:12  SCV  
  14  0:16  Supply Depot  
  14  0:24  SCV  
  15  0:38  SCV  
  15  0:39  Barracks  
  16  0:43  Refinery  
  16  0:50  SCV  
  16  0:52  Refinery  
  17  1:02  SCV  
  18  1:14  SCV  
  19  1:26  Orbital Command, Reaper  
  19  1:32  Supply Depot  
  20  1:41  Factory  
  20  1:52  SCV  
  21  1:58  Reaper  
  22  2:04  SCV  
  23  2:16  SCV  
  24  2:26  Hellion  
  24  2:28  SCV  
  27  2:30  Reaper  
  27  2:33  Command Center  
  28  2:40  SCV  
  28  2:48  Hellion  
  28  2:49  Supply Depot  
  30  2:52  SCV  
  29  3:02  Reaper  
  29  3:05  SCV  
  30  3:11  Hellion  
  32  3:17  SCV  
  32  3:19  Starport  
  33  3:29  SCV  
  33  3:32  Cyclone  
  36  3:35  Barracks Reactor  
  36  3:41  SCV  
  37  3:49  SCV  
  32  4:00  Medivac  
  32  4:01  SCV  
  34  4:04  Cyclone  
  34  4:09  Refinery  
  36  4:11  Marine x2  
  36  4:13  SCV  
  39  4:21  Orbital Command  
  39  4:26  SCV  
  39  4:29  Marine x2  
  42  4:38  SCV  
  40  4:47  SCV, Marine x2  
  40  4:50  Starport Tech Lab, Factory Tech Lab, SCV  
  44  4:59  SCV  
  45  5:02  SCV  
  48  5:11  Raven, Siege Tank, SCV, Interference Matrix  
  53  5:14  SCV  
  53  5:20  Supply Depot  
  52  5:23  Command Center  
  52  5:24  SCV  
  52  5:26  SCV  
  52  5:31  Marine x2  
  52  5:36  SCV  
  52  5:38  SCV  
  54  5:43  Siege Tank  
  54  5:45  Raven  
  54  5:48  SCV  
  62  5:52  Supply Depot  
  62  6:01  SCV x2  
  62  6:03  Marine x2  
  64  6:13  SCV x2  
  64  6:15  Siege Tank  
  69  6:23  Refinery  
  69  6:25  SCV x2  
  71  6:37  SCV x2  
  71  6:38  Marine, Viking x2  
  71  6:39  Orbital Command  
  77  6:47  Supply Depot  
  77  6:49  SCV x2  
  77  6:50  Siege Tank  
  82  6:55  Stimpack  
  82  6:56  Marine  
  83  7:01  SCV x2  
  83  7:06  Orbital Command  
  85  7:11  Viking x2  
  85  7:13  SCV  
  88  7:17  SCV  
  87  7:23  Siege Tank  
  87  7:24  Marine  
  87  7:25  SCV  
  87  7:29  SCV  
  91  7:30  Barracks x2  
  91  7:32  SCV  
  92  7:37  SCV  
  92  7:41  SCV, Viking x2  
  92  7:44  SCV  
  99  7:49  SCV  
  100  7:52  Marine, Engineering Bay  
  101  8:10  SCV x2  
  101  8:12  SCV, Siege Tank, Viking  
  101  8:13  Viking  
  101  8:19  Barracks Tech Lab, Barracks Reactor  
  85  8:20  Marauder  
  85  8:22  SCV x2  
  85  8:24  Terran Infantry Weapons Level 1, SCV  
  87  8:32  Barracks  
  87  8:33  Barracks  
  87  8:34  Combat Shield, SCV x2  
  92  8:44  Siege Tank  
  92  8:46  Marauder x2, Viking  
  98  8:48  Viking  
  98  8:49  Supply Depot  
  98  8:50  Supply Depot  
  98  8:51  SCV  
  98  8:54  SCV  
  101  8:57  SCV  
  101  9:01  Concussive Shells  
  101  9:02  Supply Depot  
  101  9:03  Supply Depot  
  101  9:09  Refinery  
  101  9:10  Marine x2, Refinery  
  101  9:11  Marauder  
  101  9:13  Marauder  
  101  9:14  SCV x2  
  101  9:15  SCV  
  110  9:21  Barracks Reactor, Viking x2  
  110  9:22  Barracks Tech Lab  
  108  9:28  Marine  
  101  9:32  Marauder  
  101  9:34  Siege Tank, Marine, Marauder  
  105  9:42  Marauder  
  104  9:45  Command Center  
  104  9:46  Marine  
  104  9:52  Marine  
  106  9:53  Medivac  
  106  9:54  Marauder, Medivac  
  106  9:55  Marauder  
  106  9:58  Marine  
  106  9:59  Marine  
  116  10:03  Marine  
  116  10:05  Sensor Tower  
  117  10:07  Marine  
  117  10:08  Siege Tank  
  117  10:10  Marine  
  122  10:15  Marauder  
  122  10:16  Marine x2  
  122  10:17  Marauder  
  122  10:21  Marine  
  128  10:25  Marine  
  128  10:28  Marine  
  131  10:34  Marine x2  
  123  10:35  Medivac x2  
  123  10:36  Marauder  
  123  10:38  Marauder  
  123  10:39  Marine  
  123  10:42  Supply Depot  
  132  10:43  Supply Depot, Marine  
  132  10:48  Terran Infantry Armor Level 1  
  133  10:50  Supply Depot  
  133  10:56  Marine  
  133  10:57  SCV x3, Marine x2, Siege Tank  
  133  11:01  Marauder x3  
  146  11:09  SCV x3  
  146  11:11  Marine  
  150  11:13  Medivac x2  
  150  11:14  Marine  
  155  11:19  Marine  
  155  11:21  Marine  
  155  11:22  Marauder  
  155  11:23  Marauder x2  
  163  11:28  Marine, Armory, Sensor Tower  
  163  11:31  Orbital Command  
  163  11:32  Marine  
  165  11:37  Marine  
  165  11:39  Marine  
  167  11:43  Marine x2  
  159  11:47  Marauder  
  159  11:51  Marine x2  
  143  11:55  Marine  
  143  11:57  Marine  
  133  12:01  Marine  
  133  12:02  Marauder  
  133  12:06  Viking  
  133  12:08  Marine, Starport  
  125  12:09  Marine x2  
  125  12:10  Starport, Viking  
  125  12:13  Marine  
  125  12:15  Marine  
  120  12:19  Marine  
  120  12:22  Siege Tank, Marine  
  124  12:26  Marine x2  
  124  12:27  Marine  
  124  12:31  Marine  
  124  12:32  Marine  
  117  12:37  Marine  
  117  12:38  Viking  
  117  12:40  Marine, Viking  
  117  12:44  Marine x3  
  122  12:48  Viking x2  
  122  12:49  Marine  
  122  12:50  Marine  
  122  12:54  Thor  
  122  12:55  Marine  
  122  12:58  Marine  
  126  13:01  Marine  
  126  13:02  Marine x2  
  125  13:08  Orbital Command, Viking  
  125  13:09  Marine x2  
  125  13:10  Viking  
  125  13:12  Starport  
  131  13:13  Starport  
  131  13:18  Marauder x2, Viking x2  
  139  13:26  Terran Vehicle And Ship Armor Level 1  
  139  13:28  Terran Infantry Weapons Level 2  
  131  13:34  Marauder  
  131  13:36  Marine x2  
  131  13:38  Viking  
  131  13:39  Thor  
  131  13:40  Viking  
  143  13:48  Viking x2  
  147  13:50  Viking x2  
  150  13:56  SCV x2  
  150  13:58  SCV x2  
  150  14:00  Marine x2  
  153  14:08  Viking  
  151  14:10  Viking  
  154  14:18  Missile Turret, Viking x2  
  154  14:20  Viking x2  
  167  14:31  Refinery  
  167  14:32  Marine, Refinery  
  167  14:33  Marine  
  167  14:38  Viking  
  170  14:40  Viking  
  170  14:43  Command Center  
  164  14:47  Smart Servos  
  164  14:48  Viking x2  
  164  14:50  Viking  
  170  14:53  Sensor Tower  
  170  14:55  Viking  
  170  14:59  Supply Depot  
  172  15:00  Supply Depot  
  172  15:02  Bunker  
  172  15:20  Viking x4  
  172  15:21  Terran Ship Weapons Level 1  
  180  15:22  Viking  
  180  15:23  Supply Depot  
  181  15:39  Command Center  
  181  15:47  Viking  
  183  15:50  Viking x3  
  189  16:00  Viking x2  
  193  16:17  Viking  
  193  16:18  Marauder x2  
  184  16:20  Viking  
  184  16:23  Viking  
  147  16:30  Siege Tank, SCV, Viking x2  
  149  16:33  SCV x2  
  149  16:35  SCV  
  152  16:41  Orbital Command  
  152  16:44  SCV  
  152  16:45  SCV  
  152  16:46  SCV, Unknown  
  155  16:48  SCV  
  155  16:52  Starport Tech Lab x3  
  154  16:54  Viking  
  154  16:59  Missile Turret x2  
  154  17:00  Viking  
  162  17:04  Viking  
  162  17:06  Armory  
  162  17:07  Siege Tank  
  163  17:11  Raven x2  
  163  17:12  Raven  
  169  17:18  Sensor Tower  
  169  17:21  Missile Turret  
  169  17:23  Missile Turret  
  169  17:24  Viking  
  169  17:26  Sensor Tower  
  169  17:30  Viking  
  169  17:34  Viking  
  173  17:37  Command Center  
  173  17:44  Siege Tank  
  173  17:45  Raven x2  
  180  17:59  Marauder x3  
  180  18:00  Marine x4  
  180  18:04  Terran Ship Weapons Level 2  
  176  18:13  SCV x2  
  176  18:16  Siege Tank  
  176  18:20  Marauder x2  
  176  18:23  Viking x2  
  176  18:24  Viking  
  185  18:36  Marauder  
  186  18:42  Marauder x2  
  186  18:45  Marine x2  
  191  18:52  Marine x2  
  191  18:55  Raven x2  
  186  18:57  Marauder  
  185  19:11  Marine x4, Marauder x2  
  185  19:13  Orbital Command  
  193  19:18  Marauder  
  193  19:22  Medivac x2  
  199  19:29  Marine  
  200  19:31  Refinery  
  200  19:33  Orbital Command  
  200  19:34  Refinery  
  199  19:53  Missile Turret, Sensor Tower  
  199  19:54  Viking x2  
  199  19:59  SCV x2  
  194  20:02  SCV x2  
  194  20:03  SCV  
  197  20:11  SCV  
  197  20:12  SCV  
  196  20:14  SCV x2  
  196  20:15  Marauder  
  199  20:22  SCV  
  170  20:44  Siege Tank, SCV  
  170  20:45  SCV x2  
  170  20:49  Viking x2  
  167  20:53  Viking x2  
  169  20:58  SCV  
  169  21:03  SCV x2  
  167  21:06  Raven  
  167  21:10  SCV  
  162  21:13  Marine x2  
  164  21:24  Raven  
  160  21:36  Marauder  
  159  21:54  Marauder x2  
Show
View Real Time Build Order
Export as new Build Order

GuMiho Terran - Winner!

Build Orders:  

Get SALT Encoding   

  12  0:00  SCV  
  13  0:12  SCV  
  14  0:17  Supply Depot  
  14  0:24  SCV  
  15  0:39  Barracks  
  15  0:42  Refinery  
  15  0:54  Barracks  
  15  0:59  SCV  
  17  1:11  SCV  
  17  1:12  Refinery  
  17  1:23  SCV  
  18  1:27  Reaper  
  19  1:35  Orbital Command  
  19  1:42  Reaper  
  20  1:49  Supply Depot  
  20  2:00  Reaper  
  22  2:01  SCV  
  22  2:13  SCV  
  22  2:14  Reaper  
  24  2:25  SCV  
  24  2:29  Factory  
  25  2:32  Reaper  
  26  2:41  SCV  
  26  2:46  Reaper  
  27  3:00  SCV  
  27  3:01  Command Center  
  27  3:05  Reaper  
  29  3:11  Supply Depot  
  29  3:13  Factory Reactor  
  29  3:16  SCV  
  30  3:24  Starport  
  30  3:28  SCV  
  31  3:37  Reaper  
  31  3:40  SCV  
  33  3:54  Cyclone  
  33  3:55  Cyclone  
  33  3:59  SCV  
  33  4:02  Medivac  
  35  4:10  Reaper  
  35  4:11  SCV  
  35  4:13  Orbital Command  
  37  4:17  Refinery  
  37  4:23  SCV  
  38  4:27  Cyclone x2  
  42  4:35  SCV  
  43  4:41  SCV  
  42  4:47  SCV, Viking  
  45  4:53  SCV  
  45  4:55  Supply Depot  
  45  4:59  SCV  
  47  5:00  Cyclone x2  
  47  5:05  SCV  
  52  5:11  SCV  
  52  5:17  SCV, Refinery  
  52  5:19  Supply Depot, Viking  
  52  5:20  Supply Depot  
  55  5:23  SCV  
  56  5:30  SCV  
  57  5:36  SCV  
  56  5:43  SCV  
  56  5:44  Command Center  
  56  5:48  SCV  
  60  5:55  SCV  
  59  5:57  Factory Tech Lab  
  59  6:00  SCV  
  60  6:07  SCV  
  60  6:10  Factory  
  60  6:11  Starport  
  61  6:12  SCV  
  61  6:14  Viking x2  
  61  6:18  Supply Depot  
  66  6:19  Siege Tank, SCV  
  66  6:24  SCV  
  71  6:31  SCV  
  72  6:32  Supply Depot  
  72  6:36  SCV  
  67  6:43  SCV  
  67  6:44  Viking x2  
  72  6:48  SCV  
  72  6:50  Viking  
  72  6:51  Siege Tank  
  78  6:54  Factory Tech Lab  
  78  6:55  SCV  
  78  7:00  SCV  
  80  7:08  SCV  
  81  7:16  Siege Tank  
  81  7:18  Viking x2  
  81  7:19  Orbital Command  
  81  7:21  SCV x2  
  90  7:29  Siege Tank, Viking  
  95  7:33  SCV x2  
  97  7:37  Supply Depot x2  
  97  7:43  Refinery  
  97  7:45  SCV x2  
  97  7:46  SCV  
  97  7:47  Refinery  
  100  7:51  Supply Depot  
  100  7:52  Supply Depot  
  100  7:53  Viking x2  
  100  7:57  Siege Tank  
  90  8:20  Viking  
  90  8:22  SCV x3  
  90  8:23  Viking  
  95  8:30  Siege Tank  
  95  8:31  Siege Tank  
  101  8:37  Supply Depot  
  101  8:38  SCV x3, Starport  
  104  8:41  Barracks  
  104  8:42  Viking  
  106  8:50  SCV x2  
  108  9:01  Viking x2  
  112  9:08  Command Center  
  112  9:09  SCV x3  
  115  9:14  Viking  
  111  9:27  Siege Tank x2  
  108  9:44  SCV x2  
  108  9:45  SCV  
  108  9:46  Starport Tech Lab x2  
  108  9:48  Fusion Core  
  108  9:56  SCV x2  
  108  9:57  SCV, Engineering Bay  
  108  9:58  Viking x2  
  108  9:59  Siege Tank  
  118  10:05  Unknown  
  118  10:12  SCV x2  
  118  10:13  SCV  
  121  10:20  Supply Depot x2  
  121  10:21  Supply Depot  
  121  10:24  SCV, Command Center  
  121  10:27  Siege Tank  
  125  10:31  Siege Tank  
  122  10:37  Battlecruiser  
  122  10:40  Battlecruiser  
  134  10:44  Viking  
  136  10:58  Missile Turret  
  136  11:00  Missile Turret  
  136  11:02  SCV x3  
  139  11:05  Missile Turret  
  139  11:11  Viking  
  141  11:13  Sensor Tower  
  141  11:20  Unknown  
  141  11:21  Missile Turret x2  
  141  11:28  Viking  
  143  11:35  Missile Turret  
  143  11:41  Sensor Tower, Viking x2  
  120  11:56  Siege Tank x2  
  123  12:06  Viking x2  
  121  12:10  SCV  
  121  12:11  SCV x2  
  123  12:23  SCV x2  
  123  12:28  Siege Tank x2  
  131  12:36  Battlecruiser  
  129  12:47  Unknown  
  129  12:58  Battlecruiser  
  129  13:00  Siege Tank x2  
  129  13:01  Viking x2  
  145  13:08  Planetary Fortress  
  145  13:13  Command Center  
  145  13:16  Command Center  
  145  13:18  SCV x3  
  148  13:27  Missile Turret  
  148  13:33  Hellion  
  150  13:35  Viking x2  
  154  13:42  Missile Turret  
  154  13:44  Missile Turret  
  154  13:45  Missile Turret, Command Center  
  154  13:47  Battlecruiser  
  160  13:52  Armory  
  160  13:53  Armory  
  160  13:55  SCV x3  
  163  14:07  SCV  
  163  14:09  Battlecruiser  
  170  14:17  Weapon Refit  
  170  14:23  Viking  
  170  14:24  Siege Tank, Viking  
  177  14:35  Orbital Command x2  
  177  14:48  Siege Tank  
  180  14:53  Battlecruiser  
  180  14:56  Siege Tank  
  180  14:57  Terran Vehicle And Ship Armor Level 1, Terran Ship Weapons Level 1  
  187  15:15  Command Center  
  187  15:19  Refinery  
  187  15:21  Refinery  
  187  15:22  Sensor Tower  
  187  15:23  Sensor Tower, Viking x2  
  187  15:26  Battlecruiser  
  187  15:27  Planetary Fortress  
  197  15:32  SCV x3  
  198  16:25  Missile Turret x2  
  159  16:28  Thor x2  
  159  16:29  Viking x2  
  152  16:33  Liberator, Viking  
  151  16:40  Factory  
  151  16:41  Factory  
  151  16:42  Factory  
  151  16:46  Missile Turret  
  151  16:47  SCV x2, Missile Turret  
  151  16:48  SCV x3  
  151  16:49  Missile Turret  
  156  16:54  Terran Ship Weapons Level 2, Terran Vehicle And Ship Armor Level 2  
  156  16:59  SCV  
  157  17:10  Thor  
  157  17:11  Thor, Viking x3  
  175  17:33  Refinery  
  175  17:38  Planetary Fortress  
  175  17:41  Missile Turret  
  175  17:42  Missile Turret  
  175  17:43  Sensor Tower  
  175  17:49  Smart Servos  
  175  17:51  Command Center, Factory Tech Lab  
  179  17:52  Factory Reactor  
  179  17:53  Siege Tank, Factory Tech Lab  
  179  17:54  Siege Tank  
  180  18:16  Thor x2  
  192  18:24  Missile Turret  
  192  18:25  Thor  
  192  18:26  Hellion  
  200  18:28  Missile Turret  
  200  18:29  Missile Turret x2  
  200  18:31  Missile Turret x2  
  200  18:55  Hellion x2  
  198  18:57  Missile Turret x2  
  198  18:58  Missile Turret  
  198  18:59  Missile Turret, Hellion  
  200  19:12  Terran Vehicle Weapons Level 1  
  200  19:14  Terran Vehicle And Ship Armor Level 3  
  200  19:19  Planetary Fortress  
  200  19:22  Missile Turret  
  200  19:26  Factory Tech Lab  
  200  19:37  Hi-Sec Auto Tracking  
  200  19:39  Missile Turret  
  200  19:40  Thor x6, Missile Turret  
  200  19:41  Missile Turret  
  200  19:43  Missile Turret x3  
  200  19:55  Refinery, Missile Turret  
  200  19:56  Refinery, Missile Turret  
  200  20:10  Missile Turret x2  
  200  20:12  Missile Turret  
  200  20:13  Missile Turret  
  198  20:15  Missile Turret  
  195  20:39  Siege Tank x2  
  195  20:41  Hellion x3  
  195  20:42  Viking x4  
  185  20:49  Missile Turret  
  156  20:50  Siege Tank, Missile Turret  
  156  20:51  Missile Turret  
  156  20:53  Missile Turret  
  159  20:58  Starport  
  159  20:59  Starport  
  159  21:00  Starport  
  159  21:01  Starport  
  159  21:02  Siege Tank  
  160  21:05  Widow Mine x2  
  164  21:11  Siege Tank x2  
  164  21:12  Viking  
  170  21:19  Missile Turret  
  170  21:20  Missile Turret  
  170  21:22  Siege Tank  
  170  21:23  Missile Turret  
  170  21:24  Missile Turret x3  
  170  21:25  Orbital Command  
  171  21:29  Missile Turret x2  
  170  21:34  Siege Tank  
  170  21:43  Siege Tank x2  
  174  21:48  Starport, Viking x2  
  174  21:49  Starport, Viking x2  
  174  21:50  Starport  
  176  21:54  Siege Tank  
  170  22:06  Siege Tank  
  168  22:15  Siege Tank  
Tags
 
Add a new tag
Caveats
  • Supply blocks, unpowered buildings, or Contaminate may cause inaccurate times.
  • Supply counts are checked every 10 seconds.